 Dungeon Crawl Stone Soup version 0.29.1-1-gd02db6906a (webtiles) character file.

Game seed: 8898621284097526307

4279 styxcanada the Protected (level 10, -4/89 HPs)
             Began as a Minotaur Fighter on Oct 19, 2022.
             Was an Initiate of Gozag.
             Slain by a ten-headed hydra (10 damage)
             ... on level 1 of the Lair of Beasts.
             The game lasted 00:27:30 (9955 turns).

styxcanada the Protected (Minotaur Fighter)         Turns: 9955, Time: 00:27:31

Health: -4/89      AC: 16    Str: 25    XL:     10   Next: 10%
Magic:  9/9        EV:  9    Int:  5    God:    Gozag
Gold:   699        SH:  5    Dex: 10    Spells: 9/9 levels left

rFire   . . .      SeeInvis .   a - +1 war axe
rCold   . . .      Faith    .   c - +0 buckler
rNeg    + . .      Spirit   .   l - +0 chain mail
rPois   +          Reflect  .   (helmet restricted)
rElec   .          Harm     .   q - +1 cloak of Joipn {Rampage}
rCorr   .          Rampage  +   F - +1 pair of gloves
Will    .....                   (no boots)
Stlth   ..........              (no amulet)
HPRegen 0.24/turn               e - ring of positive energy
MPRegen 0.11/turn               D - ring of poison resistance

@: no status effects
A: horns 2, retaliatory headbutt
a: Renounce Religion, Potion Petition, Call Merchant, Bribe Branch


You were on level 1 of the Lair of Beasts.
You worshipped Gozag.
Gozag was pleased with you.
You visited 3 branches of the dungeon, and saw 10 of its levels.

You collected 943 gold pieces.
You spent 194 gold pieces at shops.
You paid 50 gold pieces to Gozag.

Inventory:

Hand Weapons
 a - a +1 war axe (weapon)
 J - a +2 spear of flaming
Missiles
 k - 3 boomerangs (quivered)
 y - 5 poisoned darts
Armour
 c - a +0 buckler (worn)
 l - a +0 chain mail (worn)
 q - the +1 cloak of Joipn (worn) {Rampage}
   (You found it on level 7 of the Dungeon)

   Rampage:   It bestows one free step when moving towards enemies.
 F - a +1 pair of gloves (worn)
Jewellery
 e - a ring of positive energy (left hand)
 D - a ring of poison resistance (right hand)
Wands
 n - a wand of paralysis (2)
 o - a wand of light (17)
 p - a wand of iceblast (9)
Scrolls
 i - 2 scrolls of blinking
 C - 3 scrolls of enchant weapon
 G - a scroll of magic mapping
 I - a scroll of identify
Potions
 d - 2 potions of might
 g - 3 potions of flight
 r - a potion of mutation
 u - a potion of berserk rage {unknown}
 z - 2 potions of haste
 A - 3 potions of curing {unknown}
 B - 2 potions of degeneration {unknown}
 E - a potion of heal wounds
 H - a potion of magic {unknown}


   Skills:
 * Level 8.3 Fighting
 + Level 9.9 Axes
 + Level 0.3(6.1) Polearms
 + Level 1.2 Throwing
 * Level 10.9 Armour
 + Level 2.5 Dodging
 + Level 5.6 Shields
 * Level 3.4 Evocations


You had 9 spell levels left.
You didn't know any spells.
Your spell library contained the following spells:

 Spells                   Type           Power      Damage    Failure   Level
 Magic Dart               Conj           0%         1d3       97%         1
 Ensorcelled Hibernation  Hex/Ice        0%         N/A       99%         2
 Passwall                 Tmut/Erth      0%         N/A       99%         2
 Searing Ray              Conj           0%         2d4       99%         2
 Confusing Touch          Hex            0%         N/A       100%        3
 Swiftness                Air            0%         N/A       100%        3
 Fulminant Prism          Conj/Hex       0%         3d6       100%        4
 Yara's Violent Unravell  Hex/Tmut       0%         3d3       100%        5
 Enfeeble                 Hex            0%         N/A       100%        7


Dungeon Overview and Level Annotations

Branches:
Dungeon (8/15)             Temple (1/1) D:5            Lair (1/5) D:8

Altars:
Ashenzari
Dithmenos
Elyvilon
Fedhas
Gozag
Hepliaklqana
Makhleb
Nemelex Xobeh
Okawaru
Qazlal
Ru
Trog
Uskayaw
Vehumet
Wu Jian
Xom
Yredelemnul
Zin
The Shining One

Shops:
D:8 *


Innate Abilities, Weirdness & Mutations

You have a pair of horns on your head.
You reflexively headbutt those who attack you in melee.


Message History

The nine-headed hydra bites you but does no damage. x2
The nine-headed hydra barely misses you.
The nine-headed hydra bites you but does no damage.
The nine-headed hydra bites you.
The nine-headed hydra bites you but does no damage.
The nine-headed hydra bites you. x3
You slice one of the nine-headed hydra's heads off!
The eight-headed hydra grows two more!
You slash the ten-headed hydra!
The ten-headed hydra is heavily wounded.
The ten-headed hydra bites you. The ten-headed hydra barely misses you.
The ten-headed hydra bites you. The ten-headed hydra bites you!
The ten-headed hydra bites you.
The ten-headed hydra closely misses you.
The ten-headed hydra bites you. The ten-headed hydra barely misses you.
You block the ten-headed hydra's attack.
The ten-headed hydra misses you.
You hit the ten-headed hydra.
The ten-headed hydra is heavily wounded.
The ten-headed hydra bites you! x2; The ten-headed hydra bites you.
* * * LOW HITPOINT WARNING * * *
You block the ten-headed hydra's attack.
The ten-headed hydra bites you but does no damage. x2
You block the ten-headed hydra's attack.
The ten-headed hydra completely misses you.
The ten-headed hydra bites you!
* * * LOW HITPOINT WARNING * * *
The ten-headed hydra bites you.
* * * LOW HITPOINT WARNING * * *
The ten-headed hydra attacks as you move away!
The ten-headed hydra barely misses you. x3
You block the ten-headed hydra's attack.
The ten-headed hydra misses you. The ten-headed hydra bites you.
* * * LOW HITPOINT WARNING * * *
The ten-headed hydra closely misses you.
You block the ten-headed hydra's attack.
The ten-headed hydra bites you.
* * * LOW HITPOINT WARNING * * *
The ten-headed hydra bites you!
You die...
Your body crumbles into a pile of gold.

.....# #.## #...## #.#
## ....## ##.#
#.####...# #..##
#.......####.#.###
#........##.......
#.......+.#.).....
#####.......P.........
#...D@......#.........
..$...#...>...###.......
##### ###.###.# #.......
### ### #.......
##P###.# ### ##


You could see a ten-headed hydra.

Vanquished Creatures
  A hydra (Lair:1)
  Grinder (D:5)
  4 blink frogs (Lair:1)
  A steam dragon (D:5)
  A water moccasin (Lair:1)
  A black bear (D:5)
  4 sky beasts (D:7)
  2 ice beasts
  3 ogres
  A phantom (D:5)
  A kobold brigand (D:5)
  5 bullfrogs
  A gnoll sergeant (D:8)
  A necrophage (D:6)
  3 killer bees (D:8)
  2 lava snakes (D:8)
  2 jellies
  3 orc priests
  A hound (D:5)
  Crazy Yiuf (D:3)
  5 iguanas
  6 orc wizards
  3 gnolls (D:8)
  13 adders
  2 shadow imps (D:6)
  2 white imps
  3 ufetubi
  2 adder zombies (D:2)
  2 adder skeletons (D:2)
  2 worms
  4 dart slugs
  31 orcs
  A bat (D:3)
  4 bat skeletons (D:2)
  A bat zombie (D:2)
  5 endoplasms
  5 giant cockroaches
  7 goblins
  7 hobgoblins
  6 jackals
  3 quokkas
  4 ball pythons
  A ball python skeleton (D:2)
  A ball python zombie (D:2)
  4 frilled lizards
  14 kobolds
  A quokka skeleton (D:2)
  11 rats
189 creatures vanquished.

Vanquished Creatures (others)
  2 fungi (Lair:1)
  2 plants (Lair:1)
  2 withered plants
6 creatures vanquished.

Grand Total: 195 creatures vanquished

Notes
Turn   | Place    | Note
-------+----------+-------------------------------------------
     0 | D:1      | styxcanada the Minotaur Fighter began the quest for the
                  | Orb.
     0 | D:1      | Reached XP level 1. HP: 19/19 MP: 0/0
   207 | D:1      | Reached skill level 4 in Armour
   208 | D:1      | Reached XP level 2. HP: 26/27 MP: 1/1
   444 | D:1      | Found a faded altar of an unknown god.
   575 | D:2      | Reached XP level 3. HP: 33/33 MP: 2/2
   810 | D:2      | Reached XP level 4. HP: 26/41 MP: 3/3
  1250 | D:2      | You fall into a shaft and drop 1 floor!
  1288 | D:3      | Reached XP level 5. HP: 47/47 MP: 4/4
  1303 | D:3      | Found a radiant altar of Vehumet.
  1303 | D:3      | Found a broken altar of Ashenzari.
  1444 | D:3      | Found a basalt altar of Yredelemnul.
  1718 | D:3      | Reached skill level 5 in Armour
  1968 | D:3      | Found a runed translucent door.
  1969 | D:3      | Noticed Crazy Yiuf
  1976 | D:3      | Killed Crazy Yiuf
  2586 | D:4      | Reached XP level 6. HP: 44/53 MP: 5/5
  2673 | D:4      | Reached skill level 5 in Axes
  2673 | D:4      | Reached skill level 1 in Dodging
  2932 | D:4      | Reached skill level 5 in Fighting
  2932 | D:4      | Reached skill level 6 in Armour
  2976 | D:4      | Noticed a moth of wrath
  2978 | D:4      | Found a bloodstained altar of Trog.
  3733 | D:5      | Entered Level 5 of the Dungeon
  3733 | D:5      | Noticed Grinder
  3735 | D:5      | Paralysed by Grinder for 5 turns
  3751 | D:5      | Killed Grinder
  3752 | D:5      | Reached XP level 7. HP: 37/61 MP: 6/6
  4519 | D:5      | Reached skill level 7 in Armour
  4702 | D:5      | Found a staircase to the Ecumenical Temple.
  4707 | D:5      | Noticed a steam dragon
  4712 | Temple   | Entered the Ecumenical Temple
  4894 | D:5      | Killed a steam dragon
  4895 | D:5      | Reached XP level 8. HP: 53/70 MP: 7/7
  5094 | D:5      | Reached skill level 5 in Shields
  5109 | D:5      | Found a glowing silver altar of Zin.
  5109 | D:5      | Found an opulent altar of Gozag.
  5114 | D:5      | Became a worshipper of Gozag Ym Sagoz the Greedy
  5439 | D:5      | Reached skill level 8 in Armour
  6294 | D:6      | Reached skill level 9 in Armour
  7150 | D:7      | Reached skill level 1 in Evocations
  7356 | D:7      | Reached XP level 9. HP: 73/79 MP: 8/8
  7677 | D:7      | Identified the +1 cloak of Joipn {Rampage}
  8090 | D:8      | Found Uticemunn's General Store.
  8199 | D:8      | Bought a scroll of enchant weapon for 97 gold pieces
  8199 | D:8      | Bought a scroll of magic mapping for 97 gold pieces
  8325 | D:8      | Found a staircase to the Lair.
  8954 | D:8      | Reached skill level 10 in Armour
  9217 | Lair:1   | Entered Level 1 of the Lair of Beasts
  9281 | Lair:1   | Reached skill level 1 in Throwing
  9656 | Lair:1   | Noticed a six-headed hydra
  9672 | Lair:1   | Killed a six-headed hydra
  9673 | Lair:1   | Reached XP level 10. HP: 41/88 MP: 9/9
  9948 | Lair:1   | Noticed a seven-headed hydra
  9955 | Lair:1   | Slain by a ten-headed hydra

Illustrated notes

Levels and vault maps discovered:
D:1:      dpeg_arrival_rooms_c, layout_rooms, nicolae_ecumenical_lake_church,
          hex_tiny
D:2:      layout_basic, serial_undead, serial_undead_b, serial_undead_e,
          serial_undead_d, serial_undead_e, serial_undead_d, serial_undead_a
D:3:      layout_loops_ring, yredelemnul_altar_generic,
          nicolae_overflow_two_pavilions, uniq_crazy_yiuf_cottage
D:4:      layout_basic, tgw_trog, minmay_misc_feat_square,
          nicolae_shop_self_help, uniq_eustachio
D:5:      layout_loops_corners, grunt_temple_overflow_gold_and_silver,
          minmay_temple_entry_slanted, uniq_grinder
D:6:      layout_basic
D:7:      layout_gridville
D:8:      layout_loops_corners, lair_entry_dummy, nicolae_inconvenience_store
Temple:   hellmonk_temple_forest_ring
Lair:1:   layout_roguey

Skill      XL: |  1  2  3  4  5  6  7  8  9 |
---------------+----------------------------+-----
Armour         | 4 5 6 7 9 10 | 10.9
Fighting       | 4 5 6 7 8 |  8.3
Shields        | 4 5 |  5.6
Axes           | 3 4 6 7 9 |  9.9
Dodging        | 1 2 |  2.5
Evocations     | 1 3 |  3.4
Throwing       | 1 |  1.2
Polearms       | |  0.3

Action                   |  1- 3 |  4- 6 |  7- 9 | 10-12 || total
-------------------------+-------+-------+-------+-------++-------
Melee: War axe           |    62 |   143 |   281 |     6 ||   492
       Headbutt          |     6 |    17 |    54 |     2 ||    79
       Spear             |       |       |    11 |       ||    11
Throw: Boomerang         |     3 |     2 |     3 |       ||     8
       Dart              |       |       |     6 |       ||     6
Evoke: Wand              |       |     6 |     2 |     2 ||    10
  Use: Scroll            |       |       |    12 |       ||    12
       Potion            |       |       |     1 |       ||     1
 Stab: Paralysed         |       |     3 |     8 |       ||    11
       Distracted        |       |       |     1 |       ||     1
Armor: Scale mail        |    12 |       |       |       ||    12
       Chain mail        |    20 |    86 |   196 |    10 ||   312
Dodge: Dodged            |    32 |    52 |   107 |    12 ||   203
Block: Buckler           |    19 |    40 |    51 |     7 ||   117
